 Dungeon Crawl Stone Soup version 0.28-a0-1506-g3893175d92 (webtiles) character file.

Game seed: 3964257116230685142

4531 chunkyMonkey the Fighter (level 10, -10/83 HPs)
             Began as a Mummy Fighter on Jan 13, 2022.
             Was a Priest of Cheibriados.
             Mangled by a komodo dragon (23 damage)
             ... on level 10 of the Dungeon.
             The game lasted 00:16:01 (14556 turns).

chunkyMonkey the Fighter (Mummy Fighter)           Turns: 14556, Time: 00:16:02

Health: -10/83     AC: 15    Str: 31    XL:     10   Next: 17%
Magic:  17/20      EV: 11    Int: 15    God:    Cheibriados [***...]
Gold:   231        SH: 10    Dex: 18    Spells: 23/23 levels left

rFire   . . .      SeeInvis .   q - +2 hand axe (vamp)
rCold   + . .      Faith    .   A - +0 kite shield
rNeg    + + +      Spirit   .   w - +2 chain mail {rF+}
rPois   ∞          Reflect  .   i - +0 helmet
rElec   .          Harm     .   d - +0 cloak
rCorr   .          Rampage  .   (no gloves)
Will    ++...                   p - +0 pair of boots
Stlth   ..........              (no amulet)
HPRegen 0.23/turn               j - +4 ring of evasion
MPRegen 0.17/turn               h - ring of willpower

@: very slow
A: cold resistance 1, negative energy resistance 3, torment resistance 2, heat
vulnerability 1, no potions
a: Renounce Religion, Bend Time, Temporal Distortion


You were on level 10 of the Dungeon.
You worshipped Cheibriados.
Cheibriados was most pleased with you.
You visited 2 branches of the dungeon, and saw 11 of its levels.

You collected 608 gold pieces.
You spent 377 gold pieces at shops.

Inventory:

Hand Weapons
 a - a +0 war axe
 b - a +1 dagger of venom
 k - the +10 mace of Honour {drain, +Blink rElec rF- Will++}
   (You found it on level 5 of the Dungeon)

   A truly terrible weapon, it drains the life of any living foe it strikes.
   rF:        It makes you vulnerable to fire.
   rElec:     It insulates you from electricity.
   +Blink:    It lets you blink.
   Will:      It greatly increases your willpower.
 q - a +2 vampiric hand axe (weapon)
Missiles
 r - 4 poisoned darts (quivered)
 z - a throwing net
Armour
 d - a +0 cloak (worn)
 i - a +0 helmet (worn)
 p - a +0 pair of boots (worn)
 s - the +3 pair of gloves of Summer {rF- rC+ Dex+6 SInv}
   (You found it on level 4 of the Dungeon)

   Dex:       It affects your dexterity (+6).
   rF:        It makes you vulnerable to fire.
   rC:        It protects you from cold.
   SInv:      It lets you see invisible.
 w - a +2 chain mail of fire resistance (worn)
 A - a +0 kite shield (worn)
Jewellery
 h - a ring of willpower (right hand)
 j - a +4 ring of evasion (left hand)
 u - an amulet of reflection
Wands
 c - a wand of charming (5)
 l - a wand of digging (5)
 x - a wand of flame (22)
 y - a wand of iceblast (7)
Scrolls
 e - 2 scrolls of identify
 f - 3 scrolls of enchant weapon
 g - 7 scrolls of teleportation
 m - 2 scrolls of summoning
 n - a scroll of torment
 o - a scroll of amnesia
 t - a scroll of immolation
 v - a scroll of brand weapon


   Skills:
 * Level 9.2 Fighting
 + Level 5.1 Axes
 + Level 5.6 Armour
 + Level 5.6 Shields
 + Level 7.2 Spellcasting


You had 23 spell levels left.
You didn't know any spells.
Your spell library contained the following spells:

 Spells                   Type           Power      Damage    Failure   Level
 Freeze                   Ice            20%        1d4       85%         1
 Frozen Ramparts          Ice            10%        1d3       99%         3
 Hailstorm                Conj/Ice       5%         3d4       100%        4


Dungeon Overview and Level Annotations

Branches:
Dungeon (10/15)            Temple (1/1) D:4            Lair (0/6) D:10
    Orc: D:9-12

Altars:
Ashenzari
Cheibriados
Dithmenos
Elyvilon
Fedhas
Gozag
Hepliaklqana
Kikubaaqudgha
Makhleb
Nemelex Xobeh
Okawaru
Qazlal
Ru
Sif Muna
Trog
Uskayaw
Vehumet
Wu Jian
Xom
Yredelemnul
Zin
The Shining One

Shops:
D:1 [!(   D:3 =*=?   D:7 (   D:8 *

Annotations:
D:3 2 transporters, Thraspic's ghost, weakling PaAK
D:4 Sigmund


Innate Abilities, Weirdness & Mutations

You are immune to poison.
Your flesh is cold resistant. (rC+)
You are immune to negative energy. (rN+++)
You are immune to unholy pain and torment.
You are vulnerable to heat. (rF-)
You do not drink.


Message History

The komodo dragon is heavily wounded.
You hit the plant. x2; A nearby plant withers and dies. x2
The komodo dragon bites you but does no damage.
You hit the komodo dragon but do no damage.
The komodo dragon is heavily wounded.
The komodo dragon bites you but does no damage.
You hit the komodo dragon.
The komodo dragon is heavily wounded.
The komodo dragon hisses menacingly.
The komodo dragon bites you.
You hit the komodo dragon.
You feel better.
The komodo dragon is heavily wounded.
The komodo dragon bites you!!
You hit the komodo dragon but do no damage.
The komodo dragon is heavily wounded.
You block the komodo dragon's attack. x2
You hit the komodo dragon.
You feel better.
The komodo dragon is heavily wounded.
The komodo dragon closely misses you.
You hit the komodo dragon but do no damage.
The komodo dragon is heavily wounded.
The komodo dragon misses you.
You hit the komodo dragon but do no damage.
The komodo dragon is heavily wounded.
The komodo dragon bites you!
You slash the komodo dragon!
You feel better.
The komodo dragon is severely wounded.
The komodo dragon bites you!
You slash the komodo dragon!
The komodo dragon is almost dead.
You block the komodo dragon's attack. The komodo dragon bites you!
* * * LOW HITPOINT WARNING * * *
The flow of time bends around you.
The komodo dragon resists with some effort.
The komodo dragon bites you.
* * * LOW HITPOINT WARNING * * *
You barely miss the komodo dragon.
The komodo dragon is almost dead.
The komodo dragon bites you!!
You die...

....! #.....# .....
#.....# ......#..#..#
......#..#..#
......'.....#
################.....#
.....................#
..........####.....###
.#...##...##....@..P.#
.#...##...#.....l.P..P#
.#...##.......PP...PPP#
.............PPP...PPP#
##########.P.PPPP.>.PP#


##PPPPPP...PP# ##PPPPPPPPP## ########### You could see a komodo dragon.

Vanquished Creatures
  A troll (D:9)
  Grinder (D:6)
  A wyvern (D:9)
  5 yaks (D:9)
  2 steam dragons
  3 water moccasins
  3 orc warriors
  A black bear (D:6)
  A necrophage (D:7)
  3 centaurs
  4 ogres
  A phantom (D:7)
  A kobold brigand (D:7)
  4 bullfrogs
  A gnoll sergeant (D:9)
  A wyvern zombie (D:7)
  2 wyvern skeletons
  5 wights (D:6)
  A centaur zombie (D:5)
  5 hounds
  2 orc priests (D:7)
  A jelly (D:4)
  Jessica (D:2)
  An iguana (D:7)
  Ijyb (D:4)
  9 orc wizards
  A scorpion zombie (D:5)
  2 killer bee zombies
  A hound skeleton (D:5)
  Robin (D:2)
  4 gnolls
  6 adders
  A shadow imp (D:8)
  An adder skeleton (D:4)
  A worm (D:2)
  5 dart slugs
  21 orcs
  3 endoplasms (D:2)
  3 giant cockroaches
  21 goblins
  9 hobgoblins
  7 jackals
  13 kobolds
  5 quokkas
  6 ball pythons
  8 bats
  3 frilled lizards
  2 rats (D:3)
185 creatures vanquished.

Vanquished Creatures (others)
  7 plants (D:10)
7 creatures vanquished.

Grand Total: 192 creatures vanquished

Notes
Turn   | Place    | Note
-------+----------+-------------------------------------------
     0 | D:1      | chunkyMonkey the Mummy Fighter began the quest for the Orb.
     0 | D:1      | Reached XP level 1. HP: 18/18 MP: 1/1
   112 | D:1      | Reached XP level 2. HP: 24/24 MP: 2/2
   221 | D:1      | Found a faded altar of an unknown god.
   226 | D:1      | Noticed a floating eye
   229 | D:1      | Found Ecofereu's Antique Armour Emporium.
   238 | D:1      | Reached skill level 1 in Spellcasting
   437 | D:1      | Noticed an eye of devastation
   480 | D:1      | Noticed an eye of devastation
   484 | D:1      | Noticed an eye of devastation
   495 | D:1      | Reached XP level 3. HP: 26/29 MP: 4/4
   748 | D:1      | Found Qoesoaq's Weapon Boutique.
  1024 | D:1      | Found Nujaytue's Distillery.
  1673 | D:2      | Reached XP level 4. HP: 27/37 MP: 6/6
  1773 | D:2      | Noticed Robin
  1784 | D:2      | Killed Robin
  1961 | D:2      | Found an opulent altar of Gozag.
  2158 | D:2      | Noticed Jessica
  2169 | D:2      | Killed Jessica
  2170 | D:2      | Reached skill level 4 in Fighting
  2938 | D:3      | Reached XP level 5. HP: 36/42 MP: 8/8
  3335 | D:3      | Found Tivaisch's Jewellery Boutique.
  3481 | D:3      | Found Dinol's Magic Scroll Shoppe.
  3494 | D:3      | Bought a scroll of identify for 28 gold pieces
  3494 | D:3      | Bought a scroll of teleportation for 42 gold pieces
  3494 | D:3      | Bought a scroll of identify for 28 gold pieces
  3526 | D:3      | Found a transporter.
  3529 | D:3      | Noticed Thraspic's ghost (weakling PaAK)
  3560 | D:3      | Found Hoerix's Jewellery Shop.
  3647 | D:3      | Found Qunaf's General Store.
  3929 | D:4      | Noticed an ogre
  4003 | D:4      | Found a staircase to the Ecumenical Temple.
  4030 | Temple   | Entered the Ecumenical Temple
  4487 | Temple   | Became a worshipper of Cheibriados the Contemplative
  4536 | D:4      | Noticed Sigmund
  4553 | D:4      | Noticed Ijyb
  4574 | D:4      | Killed Ijyb
  4844 | D:4      | Reached XP level 6. HP: 49/49 MP: 10/10
  5086 | D:4      | Identified the +3 pair of gloves of Summer {rF- rC+ Dex+6
                  | SInv}
  5368 | D:3      | Found a transporter.
  5796 | D:4      | Reached skill level 5 in Fighting
  5812 | D:5      | Entered Level 5 of the Dungeon
  6099 | D:5      | Identified the +10 mace of Honour {drain, +Blink rElec rF-
                  | Will++}
  6177 | D:5      | Reached XP level 7. HP: 32/56 MP: 12/12
  7032 | D:6      | Noticed a steam dragon
  7039 | D:6      | Killed a steam dragon
  7040 | D:6      | Reached skill level 6 in Fighting
  7219 | D:6      | Reached XP level 8. HP: 46/64 MP: 14/14
  7223 | D:6      | Reached * piety under Cheibriados
  8029 | D:6      | Noticed Grinder
  8035 | D:6      | Killed Grinder
  8348 | D:6      | Reached skill level 5 in Spellcasting
  8658 | D:6      | Reached skill level 7 in Fighting
  9528 | D:7      | Reached ** piety under Cheibriados
  9796 | D:7      | Reached XP level 9. HP: 63/72 MP: 17/17
 10022 | D:7      | Reached skill level 8 in Fighting
 10287 | D:7      | Found Hepp's Weapon Shop.
 10747 | D:8      | Reached skill level 5 in Shields
 10809 | D:8      | Found Edobrok's General Store.
 10812 | D:8      | Bought a +2 chain mail of fire resistance for 279 gold
                  | pieces
 10841 | D:8      | Found a shadowy altar of Dithmenos.
 10852 | D:8      | Reached skill level 5 in Armour
 11726 | D:9      | Reached *** piety under Cheibriados
 13727 | D:9      | Reached skill level 9 in Fighting
 13727 | D:9      | Reached skill level 5 in Axes
 13729 | D:9      | Reached XP level 10. HP: 56/83 MP: 20/20
 14514 | D:10     | Entered Level 10 of the Dungeon
 14533 | D:10     | Found a staircase to the Lair.
 14556 | D:10     | Mangled by a komodo dragon

Illustrated notes

Levels and vault maps discovered:
D:1:      minmay_arrival_open_corners, layout_basic, serial_shops,
          nicolae_shop_statue_plus, nicolae_shop_competitors_out_of_business,
          nicolae_shop_bloodbath_and_beyond,
          hellmonk_ecumenical_altar_watching_god
D:2:      minmay_skewed_foursquare, layout_basic, basic_altar, uniq_jessica,
          uniq_robin
D:3:      layout_loops_ring, gammafunk_ghost_stat_death, serial_shops,
          nicolae_shop_competitors_out_of_business, nicolae_square_shop,
          nicolae_shop_statue_plus, shop
D:4:      layout_rooms, minmay_temple_entry_offerings, uniq_sigmund, uniq_ijyb
D:5:      layout_basic
D:6:      minmay_flawed_box, layout_loops_corners, uniq_grinder
D:7:      layout_basic, serial_shops, nicolae_stop_n_shop_1, st_stairs_3,
          chequers_mini_garden
D:8:      layout_basic, grunt_dithmenos_smoke, serial_shops,
          nicolae_shop_behind_doors
D:9:      layout_grid_maze
D:10:     layout_stronghold, david_lair_shrubbed, serial_glass, glass_columns_c,
          glass_columns_a, uniq_urug, uniq_psyche, uniq_harold, uniq_erolcha
Temple:   mainiacjoe_temple_hex_bubbles

Skill      XL: |  1  2  3  4  5  6  7  8  9 |
---------------+----------------------------+-----
Spellcasting   | 1 2 3 4 5 7 |  7.2
Axes           | 2 3 4 5 |  5.1
Fighting       | 4 5 6 7 9 |  9.2
Shields        | 3 4 5 |  5.6
Armour         | 3 4 5 |  5.6

Action                   |  1- 3 |  4- 6 |  7- 9 | 10-12 || total
-------------------------+-------+-------+-------+-------++-------
Melee: War axe           |   113 |   161 |       |       ||   274
       Mace              |       |     7 |   168 |       ||   175
       Hand axe          |       |       |   177 |    40 ||   217
Throw: Dart              |       |     8 |       |       ||     8
       Throwing net      |       |     1 |       |       ||     1
Invok: Bend Time         |       |       |     2 |     4 ||     6
Evoke: Wand              |       |       |     2 |       ||     2
  Use: Scroll            |       |     8 |     3 |       ||    11
Armor: Scale mail        |    61 |    18 |       |       ||    79
       Chain mail        |       |   106 |   176 |    21 ||   303
Dodge: Dodged            |    61 |   117 |   222 |    16 ||   416
Block: Buckler           |    20 |    47 |    93 |       ||   160
       Kite shield       |       |       |    24 |    25 ||    49

Table legend: (Time is in decaauts)
 A = Elapsed time spent in this place.
 B = Non-inter-level travel time spent in this place.
 C = Inter-level travel time spent in this place.
 D = Time resting spent in this place.
 E = Time spent auto-exploring this place.
 F = Levels seen in this place.
 G = Mean time per level.
                   A        B        C        D        E       F      G
               +--------+--------+--------+--------+--------+-----+--------+
         Total |  16605 |  16120 |    485 |   6135 |   8012 |  11 | 1509.5 |
       Dungeon |  16123 |  15661 |    462 |   5939 |   7808 |  10 | 1612.3 |
        Temple |    481 |    459 |     22 |    196 |    204 |   1 |  481.0 |
               +--------+--------+--------+--------+--------+-----+--------+

Top non-repeatable levels by time:
     D:9: 3481 daAuts
     D:6: 2636 daAuts
     D:2: 1823 daAuts
     D:7: 1632 daAuts
     D:5: 1450 daAuts
     D:4: 1439 daAuts
     D:3: 1252 daAuts
     D:8: 1225 daAuts
     D:1: 1122 daAuts
  Temple: 481 daAuts
    D:10: 59 daAuts
